 Dungeon Crawl Stone Soup version 0.27.1-33-g824d729ab1 (webtiles) character file.

Game seed: 7925864786777949811

63 szrap the Vandal (level 4, 34/34 HPs)
             Began as a Formicid Hunter on Nov 1, 2021.
             Quit the game on level 2 of the Dungeon on Dec 2, 2021.
             The game lasted 00:06:18 (2027 turns).

szrap the Vandal (Formicid Hunter)                  Turns: 2027, Time: 00:06:18

Health: 34/34      AC:  6    Str: 17    XL:     4   Next: 30%
Magic:  4/4        EV: 12    Int: 11    God:
Gold:   75         SH:  0    Dex: 11    Spells: 3/3 levels left

rFire    . . .     SeeInvis +   b - +0 war axe
rCold    . . .     Faith    .   (no shield)
rNeg     . . .     Spirit   .   c - +0 leather armour
rPois    .         Reflect  .   (helmet unavailable)
rElec    .         Harm     .   (no cloak)
rCorr    .         Rampage  .   (no gloves)
Will     .....                  g - +2 pair of boots
Stlth    ++........             o - amulet of magic regeneration
HPRegen  0.11/turn              (no ring)
MPRegen  0.34/turn              (no ring)

@: no status effects
A: permanent stasis, dig shafts and tunnels, antennae 3, four strong arms
a: Dig, Shaft Self


You were on level 2 of the Dungeon.
You visited 1 branch of the dungeon, and saw 2 of its levels.

You collected 75 gold pieces.

Inventory:

Hand Weapons
 a - a +1 hunting sling
 b - a +0 war axe (weapon)
 f - a +0 short sword
Missiles
 d - 15 sling bullets
 j - 34 stones (quivered)
 l - 19 poisoned darts
Armour
 c - a +0 leather armour (worn)
 g - a +2 pair of boots (worn)
Jewellery
 o - an amulet of magic regeneration (around neck)
Scrolls
 e - a scroll of identify
 k - a scroll of brand weapon {unknown}
 m - a scroll of fear {unknown}
 n - 2 scrolls of enchant weapon {unknown}
Potions
 h - a potion of degeneration
 i - a potion of heal wounds


   Skills:
 * Level 2.7 Fighting
 - Level 0.2 Short Blades
 + Level 5.1 Slings
 * Level 0.3(2.8) Throwing
 + Level 0.6 Armour
 * Level 2.2 Dodging
 * Level 2.1 Stealth


You had 3 spell levels left.
You didn't know any spells.
Your spell library was empty.

Dungeon Overview and Level Annotations

Branches:
Dungeon (2/15)

Altars:


Innate Abilities, Weirdness & Mutations

You cannot be hasted, slowed, berserked, paralysed or teleported.
You can dig through walls and to a lower floor.
You have a pair of large antennae on your head. (SInv)
Your four strong arms can wield two-handed weapons with a shield.


Message History

A ball python comes into view.
Found a stone staircase leading down.
Throw: 35 stones
Press: ? - help, Q - select action, (/) - cycle Shift-Dir - straight line, f - ball python
Aim: a ball python (asleep, 98% to hit)
You throw a stone.
The stone hits the ball python but does no damage.
The ball python hisses angrily.
Throw: 34 stones
Press: ? - help, Q - select action, (/) - cycle Shift-Dir - straight line, f/p - ball python
Aim: a ball python (53% to hit)
You throw a stone.
The stone barely misses the ball python.
Throw: 33 stones
Press: ? - help, Q - select action, (/) - cycle Shift-Dir - straight line, f/p - ball python
Aim: a ball python (53% to hit)
You throw a stone. The stone hits the ball python.
The ball python is heavily wounded.
Throw: 32 stones
Press: ? - help, Q - select action, (/) - cycle Shift-Dir - straight line, f/p - ball python
Aim: a ball python (heavily wounded, 53% to hit)
You throw a stone. The stone hits the ball python.
You kill the ball python!
j - 32 stones (gained 1)
You see here a ball python corpse.
j - 33 stones (gained 1)
Found a club.
j - 34 stones (gained 1)
There is a stone staircase leading down here.
Found a glowing copper amulet.
Found a stone staircase leading up.
o - an amulet of magic regeneration You start putting on your amulet.
You continue putting on your amulet of magic regeneration. x5
You finish putting on your amulet of magic regeneration.
o - an amulet of magic regeneration (around neck) Saving game... please wait.
Welcome back, szrap the Formicid Hunter.
Press ? for a list of commands and other information.
Are you sure you want to abandon this character and quit the game? (Confirm with "yes".)

##########.##.#####..##..##..##..
#######...................##..##.
............#.######..###..##..##
#######.##..#.#######.# ..###...
#.....#.#...###.###..# ##..
#####.#####.#.#.........#..# ##.
.. .........#.#.........#..# ##
#####.#######.#.........#).# ##.
..............#.@.......#..# #..
#####....§....+....####....# #.)
#......§§§##....#####...# #..
####......§#§#<#.#.##......# #..
........####.....#.##.###..####..
.................#.## #.>...†..
......†.#####.####.# #######..
............... #.# #..
........#####.# ###


There were no monsters in sight!

Vanquished Creatures
  2 adders (D:2)
  6 ball pythons
  5 endoplasms
  3 goblins (D:1)
  A hobgoblin (D:2)
  4 jackals (D:1)
  7 quokkas
  5 bats
  2 frilled lizards
  4 kobolds (D:1)
  3 rats
42 creatures vanquished.

Notes
Turn   | Place    | Note
-------+----------+-------------------------------------------
     0 | D:1      | szrap the Formicid Hunter began the quest for the Orb.
     0 | D:1      | Reached XP level 1. HP: 16/16 MP: 1/1
   281 | D:1      | Reached XP level 2. HP: 22/22 MP: 2/2
   782 | D:1      | Reached XP level 3. HP: 28/28 MP: 3/3
  1102 | D:1      | Reached skill level 5 in Slings
  1748 | D:2      | Found a faded altar of an unknown god.
  1826 | D:2      | Reached XP level 4. HP: 34/34 MP: 4/4
  2027 | D:2      | Upgraded the game from 0.27.1-4-g1640c2035a to
                  | 0.27.1-33-g824d729ab1
  2027 | D:2      | Quit the game

Illustrated notes

Levels and vault maps discovered:
D:1:      wander_arrival_chamber, layout_loops_ring
D:2:      minmay_alternating_diamond, layout_basic,
          hellmonk_ecumenical_altar_run_dry, uniq_sigmund

Skill      XL: |  1  2  3 |
---------------+----------+-----
Dodging        | 2 |  2.2
Slings         | 5 |  5.1
Stealth        | 2 |  2.1
Fighting       | |  2.7
Short Blades   | |  0.2
Throwing       | |  0.3
Armour         | |  0.6

Action                   |  1- 3 |  4- 6 || total
-------------------------+-------+-------++-------
Melee: Short sword       |    13 |       ||    13
       War axe           |    53 |     9 ||    62
 Fire: Hunting sling     |    38 |     3 ||    41
Throw: Stone             |    22 |     8 ||    30
       Dart              |     1 |       ||     1
  Use: Scroll            |     3 |       ||     3
Armor: Leather armour    |    34 |       ||    34
Dodge: Dodged            |    54 |     7 ||    61
